Map: Kairos Junction LE

Players

Destiny

  • Race: Terran Terran
  • League: Diamond
  • Spawn Location: 11:00

SKillZ - Winner!

  • Race: Zerg Zerg
  • League: Diamond
  • Spawn Location: 5:00

VOD

Have the link to the VOD?

Description

Time

  • Played on: Dec. 22, 2018, 8:55 a.m.
  • Length: 19:27
Show
View Real Time Build Order
Export as new Build Order

Destiny Terran 

Build Orders:  

Get SALT Encoding   

  12  0:01  SCV  
  13  0:17  Supply Depot  
  13  0:18  SCV  
  14  0:30  Refinery, SCV  
  15  0:42  Barracks  
  15  0:45  SCV  
  16  0:57  SCV  
  16  0:59  Refinery  
  17  1:09  SCV  
  18  1:21  SCV  
  19  1:32  Factory  
  19  1:34  SCV  
  20  1:47  Factory  
  20  1:53  Orbital Command  
  20  2:00  Barracks Reactor  
  20  2:09  Supply Depot  
  20  2:17  Factory Tech Lab  
  20  2:19  SCV  
  21  2:31  SCV  
  21  2:36  Marine x2  
  24  2:37  Factory Reactor  
  24  2:46  Siege Tank  
  27  2:59  Marine x2  
  29  3:07  SCV  
  29  3:11  Supply Depot  
  30  3:16  Armory  
  30  3:33  Siege Tank, Hellion  
  30  3:34  Hellion  
  37  3:38  Marine x2  
  39  3:44  Supply Depot  
  39  3:45  Infernal Pre-Igniter  
  39  3:52  Supply Depot  
  39  4:03  Terran Vehicle Weapons Level 1  
  39  4:06  Hellion  
  39  4:09  Hellion  
  43  4:21  Marine x2  
  43  4:23  Siege Tank  
  48  4:28  Hellion  
  50  4:33  Hellion  
  50  4:38  Supply Depot  
  52  4:42  Marine x2  
  58  5:00  Hellion x2  
  58  5:01  Supply Depot  
  58  5:06  Siege Tank  
  61  5:09  Marine  
  61  5:11  Marine  
  63  5:23  Hellion x2  
  63  5:27  Marine  
  68  5:29  Marine  
  69  5:45  Marine  
  69  5:47  Marine  
  71  6:09  Marine x2  
  71  6:11  Hellbat  
  70  6:27  Marine x2, Siege Tank  
  71  6:45  Marine x2  
  71  6:47  Hellbat x2  
  71  7:00  Siege Tank  
  74  7:03  Marine x2  
  63  7:21  Marine x2  
  58  7:30  Command Center  
  58  7:32  Siege Tank  
  61  7:39  Marine x2  
  58  7:53  Hellbat x2  
  58  7:57  Marine x2  
  64  8:06  Siege Tank  
  67  8:15  Marine x2  
  67  8:19  Hellbat x2  
  70  8:32  Marine x2  
  53  8:50  Marine x2  
  53  8:53  Siege Tank  
  53  8:54  Hellbat x2  
  60  9:08  Marine x2  
  62  9:16  Hellbat  
  62  9:26  Marine x2, Siege Tank  
  62  9:30  Hellbat  
  63  9:44  Marine x2  
  57  9:54  Hellbat x2  
  61  10:01  Marine x2  
  61  10:02  Orbital Command  
  39  10:22  Marine x2  
  39  10:23  Hellbat x2  
  42  10:45  Terran Vehicle Weapons Level 2, Starport  
  42  10:54  SCV x2  
  44  10:59  Siege Tank  
  44  11:03  Hellbat  
  49  11:08  SCV  
  49  11:09  SCV  
  51  11:12  Marine x2  
  51  11:15  Hellbat  
  55  11:21  Starport Reactor  
  55  11:26  SCV x2  
  57  11:33  Siege Tank  
  61  11:40  Starport, SCV  
  61  11:41  Hellbat x2  
  61  11:42  Marine x2  
  67  11:52  Factory  
  67  12:01  Marine x2  
  67  12:05  Siege Tank  
  72  12:11  Medivac x2  
  76  12:19  Marine  
  77  12:27  Starport Reactor  
  78  12:35  Hellbat x2  
  81  12:37  Siege Tank  
  84  12:46  Factory Tech Lab  
  84  12:47  Command Center  
  84  12:51  Medivac x2  
  88  13:00  SCV  
  88  13:01  SCV  
  88  13:05  Refinery  
  90  13:07  Refinery  
  90  13:11  Siege Tank  
  93  13:27  Siege Tank, Medivac x2  
  93  13:29  Supply Depot  
  100  13:41  SCV  
  101  13:50  Siege Tank  
  101  13:51  Hellbat  
  101  13:53  Hellbat  
  108  13:59  Siege Tank  
  108  14:00  Supply Depot  
  111  14:09  Marine, Engineering Bay  
  111  14:10  Marine  
  111  14:13  SCV  
  114  14:31  Liberator x2  
  120  14:41  Siege Tank x2  
  126  14:59  Planetary Fortress  
  126  15:09  Sensor Tower, Refinery  
  126  15:11  SCV x2  
  126  15:12  Refinery  
  128  15:23  SCV  
  129  15:30  SCV  
  129  15:33  Missile Turret  
  129  15:35  SCV  
  131  15:38  Liberator x2  
  131  15:43  Missile Turret  
  137  15:59  Hellbat x2  
  141  16:09  Missile Turret  
  141  16:12  Supply Depot  
  141  16:14  SCV x3  
  141  16:15  Hellbat x2  
  141  16:17  Liberator x2  
  148  16:28  SCV  
  148  16:31  Missile Turret  
  149  16:36  Hellbat  
  149  16:37  Hellbat x3  
  163  16:46  Supply Depot  
  163  16:47  Supply Depot  
  163  16:54  Mag-Field Accelerator  
  163  16:58  Hellbat, Supply Depot  
  165  17:08  Reaper x2  
  167  17:14  Cyclone x2  
  164  17:39  Marine x2  
  166  17:46  Cyclone  
  169  17:57  Viking  
  169  17:58  Viking  
  173  18:03  Viking  
  160  18:06  Cyclone  
  138  18:16  Viking  
  138  18:18  Marine x2  
  138  18:19  Hellbat x2  
  136  18:20  Hellbat  
  96  18:35  Viking x2  
  96  18:36  Marine x2  
  96  18:39  Hellbat  
  96  18:41  Hellbat  
  90  18:50  Viking  
  81  19:01  Marine x2  
Show
View Real Time Build Order
Export as new Build Order

SKillZ Zerg - Winner!

Build Orders: Hatch First 

Get SALT Encoding   

  12  0:03  Drone  
  13  0:12  Overlord  
  13  0:18  Drone  
  14  0:31  Drone x2  
  16  0:40  Drone  
  17  0:48  Drone  
  18  0:57  Hatchery  
  17  1:10  Spawning Pool  
  16  1:12  Drone  
  16  1:15  Extractor  
  16  1:17  Drone  
  17  1:21  Drone  
  18  1:33  Drone  
  19  1:43  Overlord  
  19  1:56  Queen  
  19  1:57  Zergling x2  
  22  2:03  Zergling x2  
  23  2:09  Queen  
  23  2:10  Drone  
  23  2:12  Drone  
  27  2:19  Metabolic Boost  
  27  2:23  Drone x2  
  29  2:33  Overlord  
  29  2:44  Drone x2  
  31  2:56  Overlord  
  31  2:57  Hatchery  
  30  3:01  Roach Warren  
  30  3:03  Extractor  
  28  3:10  Drone x3  
  28  3:12  Drone  
  32  3:13  Drone  
  32  3:16  Drone  
  34  3:23  Lair  
  34  3:38  Drone x3  
  37  3:42  Roach x3  
  37  3:47  Overlord  
  43  4:03  Drone  
  44  4:11  Roach x2  
  44  4:12  Roach x5  
  58  4:18  Overlord  
  58  4:32  Glial Reconstitution  
  58  4:36  Overlord  
  58  4:37  Drone x4  
  58  4:38  Drone x3  
  65  4:41  Overlord  
  65  4:50  Overseer  
  65  4:57  Drone  
  65  4:58  Drone x2  
  65  4:59  Zergling x6  
  71  5:03  Zergling x4  
  71  5:04  Zergling x2  
  74  5:07  Drone x3  
  74  5:11  Extractor  
  74  5:12  Extractor  
  75  5:38  Roach  
  75  5:39  Roach x2  
  75  5:42  Overlord x2  
  81  5:45  Ravager  
  82  6:00  Overlord x2  
  82  6:01  Roach  
  82  6:02  Roach x7  
  97  6:19  Ravager  
  97  6:21  Ravager x2  
  77  6:33  Ravager  
  78  6:43  Zergling x28  
  85  6:55  Zergling x2  
  85  6:56  Zergling x8  
  85  6:59  Ravager x4  
  69  7:23  Roach x6  
  66  7:49  Ravager x4  
  66  7:50  Ravager  
  72  7:51  Zergling x2  
  72  7:52  Zergling x16  
  72  7:57  Hatchery  
  79  8:06  Zergling x2  
  79  8:07  Zergling x4  
  73  8:20  Roach  
  73  8:21  Roach x2  
  73  8:22  Queen  
  60  8:53  Roach x6  
  60  8:54  Roach x6  
  79  9:00  Queen  
  79  9:02  Queen  
  80  9:20  Ravager x6  
  80  9:29  Ravager x3  
  57  9:49  Roach  
  57  9:50  Roach x7  
  57  9:51  Roach  
  57  9:52  Zergling x2  
  74  9:53  Zergling x22  
  74  9:57  Queen  
  69  10:21  Drone x2  
  69  10:22  Drone x6  
  69  10:23  Drone x3  
  80  10:29  Ravager x5  
  80  10:31  Zergling x18  
  94  10:37  Evolution Chamber  
  94  10:40  Evolution Chamber  
  92  10:45  Drone x4  
  92  10:46  Drone  
  97  10:56  Overlord x2  
  97  10:58  Overlord  
  97  11:00  Zergling x14  
  104  11:16  Drone x3  
  104  11:17  Drone x2  
  108  11:19  Infestation Pit  
  108  11:21  Zerg Ground Armor Level 1  
  108  11:22  Zerg Melee Weapons Level 1  
  108  11:23  Overlord x2  
  108  11:24  Overlord  
  108  11:25  Drone x5  
  111  11:26  Drone  
  111  11:28  Extractor  
  111  11:29  Extractor  
  111  11:51  Hatchery  
  108  12:11  Ravager  
  108  12:15  Spore Crawler  
  108  12:16  Spore Crawler  
  108  12:19  Hive  
  107  12:23  Zergling x10  
  107  12:24  Zergling x12  
  107  12:28  Baneling Nest  
  117  12:31  Hydralisk Den  
  117  12:35  Spire  
  116  12:49  Drone x3  
  116  12:50  Drone x3  
  116  12:51  Drone x2  
  124  13:15  Burrow  
  122  13:32  Zerg Melee Weapons Level 2  
  122  13:34  Zerg Ground Armor Level 2  
  122  13:37  Roach x4  
  122  13:38  Roach x5  
  122  13:39  Roach, Overlord x2  
  122  13:40  Overlord x3  
  142  13:42  Centrifical Hooks  
  142  13:47  Greater Spire  
  142  13:51  Extractor  
  142  13:52  Extractor  
  142  13:53  Spore Crawler  
  142  13:54  Drone x4  
  142  13:55  Drone x2  
  145  14:06  Hatchery  
  144  14:17  Spine Crawler  
  144  14:18  Spine Crawler  
  144  14:20  Spine Crawler  
  144  14:21  Spine Crawler  
  144  14:22  Spine Crawler  
  144  14:24  Drone x5  
  140  14:25  Drone x2, Spine Crawler  
  145  14:33  Corruptor  
  145  14:34  Corruptor x4  
  145  14:38  Corruptor x2  
  155  14:41  Pneumatized Carapace  
  159  15:00  Corruptor  
  159  15:01  Corruptor x2  
  165  15:10  Brood Lord  
  165  15:11  Brood Lord x4  
  175  15:24  Corruptor  
  175  15:25  Corruptor x2  
  175  15:26  Zerg Flyer Armor Level 1  
  181  15:31  Adrenal Glands  
  181  15:35  Brood Lord  
  185  15:43  Brood Lord x2  
  187  15:59  Brood Lord  
  187  16:02  Corruptor x3  
  195  16:05  Corruptor  
  195  16:07  Drone  
  195  16:08  Drone x2  
  200  16:21  Zerg Ground Armor Level 3  
  200  16:29  Extractor  
  200  16:32  Extractor  
  198  16:35  Corruptor  
  184  17:33  Corruptor x3  
  184  17:34  Corruptor x7  
  186  17:54  Overseer x3  
  182  18:21  Corruptor x5  
  182  18:26  Brood Lord x2  
  161  18:45  Corruptor x4  
  161  18:46  Corruptor x3  
  177  19:04  Hatchery  
  176  19:16  Hatchery  
Tags
 
Add a new tag
Caveats
  • Supply blocks, unpowered buildings, or Contaminate may cause inaccurate times.
  • Supply counts are checked every 10 seconds.